Workbook

Sheet ANEXO 1 - COTIZACIONES
A1: ANEXO 1 - ANALISIS DE COTIZACIONES
D2: Suministro de Combustible para el parque automotor y plantas eléctricas al servicio de la Fiscalía General de la Nación Regional Nororiental en los diferentes Municipios de las Seccionales Santander, Norte de Santander y Arauca.
A3: NECESIDAD | G3: COTIZACION 1 ORGANIZACIÓN Terpel SA. | I3: COTIZACION 2 Servicentro Bucaraos | K3: COTIZACION 3 Serviyarima S.A. | M3: VALOR COTIZACIÓN HÁBIL MÁS BAJA | N3: PROMEDIO | O3: VALOR COTIZACIÓN HÁBIL MÁS ALTA | P3: PORCENTAJE DIFERENCIAL (BAJA/PROMEDIO) | Q3: MEDIA ARITMETICA BAJA | S3: ANALISIS DE COTIZACIONES
A4: ÍTEM | B4: Municipio | C4: DESCRIPCIÓN BIEN O SERVICIO RANGO DEL MODELO | D4: UNIDAD DE MEDIDA | E4: CANTIDAD | G4: VALOR UNITARIO SIN IVA | I4: VALOR UNITARIO SIN IVA | K4: VALOR UNITARIO SIN IVA | M4: VALOR UNITARIO SIN IVA | N4: VALOR UNITARIO SIN IVA | O4: VALOR UNITARIO SIN IVA | P4: 40% > / < | Q4: VALOR UNITARIO SIN IVA | S4: VALOR UNITARIO SIN IVA | T4: VALOR IVA | U4: VALOR UNITARIO INCLUIDO IVA | V4: VALOR TOTAL INCLUIDO IVA
A5: 1 | B5: BUCARAMANGA | C5: GASOLINA CORRIENTE | D5: GALON | E5: 1 | G5: 16089 | I5: 15900 | K5: 15900 | M5: =ROUND(MIN(G5,I5,K5),0) -> 15900 | N5: =ROUND(AVERAGE(G5,I5),0) -> 15995 | O5: =+MAX(G5,I5) -> 16089 | P5: =+(O5/M5)-1 -> 0.011886792 | Q5: =+ROUND(AVERAGE(M5,N5),0) -> 15948 | S5: =+N5 -> 15995 | T5: 0 | U5: =+T5+S5 -> 15995 | V5: =+U5*E5 -> 15995
C6: ACPM - DIESEL | D6: GALON | E6: 1 | G6: 11364 | I6: 11140 | K6: 11140 | M6: =ROUND(MIN(G6,I6,K6),0) -> 11140 | N6: =ROUND(AVERAGE(G6,I6),0) -> 11252 | O6: =+MAX(G6,I6) -> 11364 | P6: =+(O6/M6)-1 -> 0.02010772 | Q6: =+ROUND(AVERAGE(M6,N6),0) -> 11196 | S6: =+N6 -> 11252 | T6: 0 | U6: =+T6+S6 -> 11252 | V6: =+U6*E6 -> 11252
A7: 2 | B7: SAN GIL | C7: GASOLINA CORRIENTE | D7: GALON | E7: 1 | G7: 16150 | I7: 16500 | K7: 16545 | M7: =ROUND(MIN(G7,I7,K7),0) -> 16150 | N7: =ROUND(AVERAGE(G7,I7),0) -> 16325 | O7: =+MAX(G7,I7) -> 16500 | P7: =+(O7/M7)-1 -> 0.021671827 | Q7: =+ROUND(AVERAGE(M7,N7),0) -> 16238 | S7: =+N7 -> 16325 | T7: 0 | U7: =+T7+S7 -> 16325 | V7: =+U7*E7 -> 16325
C8: ACPM - DIESEL | D8: GALON | E8: 1 | G8: 11500 | I8: 11850 | K8: 11895 | M8: =ROUND(MIN(G8,I8,K8),0) -> 11500 | N8: =ROUND(AVERAGE(G8,I8),0) -> 11675 | O8: =+MAX(G8,I8) -> 11850 | P8: =+(O8/M8)-1 -> 0.030434783 | Q8: =+ROUND(AVERAGE(M8,N8),0) -> 11588 | S8: =+N8 -> 11675 | T8: 0 | U8: =+T8+S8 -> 11675 | V8: =+U8*E8 -> 11675
A9: 3 | B9: SOCORRO | C9: GASOLINA CORRIENTE | D9: GALON | E9: 1 | G9: 16230 | I9: 16580 | K9: 16615 | M9: =ROUND(MIN(G9,I9,K9),0) -> 16230 | N9: =ROUND(AVERAGE(G9,I9),0) -> 16405 | O9: =+MAX(G9,I9) -> 16580 | P9: =+(O9/M9)-1 -> 0.021565003 | Q9: =+ROUND(AVERAGE(M9,N9),0) -> 16318 | S9: =+N9 -> 16405 | T9: 0 | U9: =+T9+S9 -> 16405 | V9: =+U9*E9 -> 16405
C10: ACPM - DIESEL | D10: GALON | E10: 1 | G10: 11350 | I10: 11700 | K10: 11735 | M10: =ROUND(MIN(G10,I10,K10),0) -> 11350 | N10: =ROUND(AVERAGE(G10,I10),0) -> 11525 | O10: =+MAX(G10,I10) -> 11700 | P10: =+(O10/M10)-1 -> 0.030837004 | Q10: =+ROUND(AVERAGE(M10,N10),0) -> 11438 | S10: =+N10 -> 11525 | T10: 0 | U10: =+T10+S10 -> 11525 | V10: =+U10*E10 -> 11525
A11: 4 | B11: OIBA | C11: GASOLINA CORRIENTE | D11: GALON | E11: 1 | G11: 16050 | I11: 16320 | K11: 16361 | M11: =ROUND(MIN(G11,I11,K11),0) -> 16050 | N11: =ROUND(AVERAGE(G11,I11),0) -> 16185 | O11: =+MAX(G11,I11) -> 16320 | P11: =+(O11/M11)-1 -> 0.01682243 | Q11: =+ROUND(AVERAGE(M11,N11),0) -> 16118 | S11: =+N11 -> 16185 | T11: 0 | U11: =+T11+S11 -> 16185 | V11: =+U11*E11 -> 16185
C12: ACPM - DIESEL | D12: GALON | E12: 1 | G12: 10820 | I12: 11090 | K12: 11131 | M12: =ROUND(MIN(G12,I12,K12),0) -> 10820 | N12: =ROUND(AVERAGE(G12,I12),0) -> 10955 | O12: =+MAX(G12,I12) -> 11090 | P12: =+(O12/M12)-1 -> 0.024953789 | Q12: =+ROUND(AVERAGE(M12,N12),0) -> 10888 | S12: =+N12 -> 10955 | T12: 0 | U12: =+T12+S12 -> 10955 | V12: =+U12*E12 -> 10955
A13: 5 | B13: BARBOSA | C13: GASOLINA CORRIENTE | D13: GALON | E13: 1 | G13: 16480 | I13: 16820 | K13: 16848 | M13: =ROUND(MIN(G13,I13,K13),0) -> 16480 | N13: =ROUND(AVERAGE(G13,I13),0) -> 16650 | O13: =+MAX(G13,I13) -> 16820 | P13: =+(O13/M13)-1 -> 0.020631068 | Q13: =+ROUND(AVERAGE(M13,N13),0) -> 16565 | S13: =+N13 -> 16650 | T13: 0 | U13: =+T13+S13 -> 16650 | V13: =+U13*E13 -> 16650
C14: ACPM - DIESEL | D14: GALON | E14: 1 | G14: 11690 | I14: 12040 | K14: 12068 | M14: =ROUND(MIN(G14,I14,K14),0) -> 11690 | N14: =ROUND(AVERAGE(G14,I14),0) -> 11865 | O14: =+MAX(G14,I14) -> 12040 | P14: =+(O14/M14)-1 -> 0.02994012 | Q14: =+ROUND(AVERAGE(M14,N14),0) -> 11778 | S14: =+N14 -> 11865 | T14: 0 | U14: =+T14+S14 -> 11865 | V14: =+U14*E14 -> 11865
A15: 6 | B15: PUENTE NACIONAL | C15: GASOLINA CORRIENTE | D15: GALON | E15: 1 | G15: 16170 | I15: 16340 | K15: 16320 | M15: =ROUND(MIN(G15,I15,K15),0) -> 16170 | N15: =ROUND(AVERAGE(G15,I15),0) -> 16255 | O15: =+MAX(G15,I15) -> 16340 | P15: =+(O15/M15)-1 -> 0.010513296 | Q15: =+ROUND(AVERAGE(M15,N15),0) -> 16213 | S15: =+N15 -> 16255 | T15: 0 | U15: =+T15+S15 -> 16255 | V15: =+U15*E15 -> 16255
C16: ACPM - DIESEL | D16: GALON | E16: 1 | G16: 11440 | I16: 11590 | K16: 11570 | M16: =ROUND(MIN(G16,I16,K16),0) -> 11440 | N16: =ROUND(AVERAGE(G16,I16),0) -> 11515 | O16: =+MAX(G16,I16) -> 11590 | P16: =+(O16/M16)-1 -> 0.013111888 | Q16: =+ROUND(AVERAGE(M16,N16),0) -> 11478 | S16: =+N16 -> 11515 | T16: 0 | U16: =+T16+S16 -> 11515 | V16: =+U16*E16 -> 11515
A17: 7 | B17: VELEZ | C17: GASOLINA CORRIENTE | D17: GALON | E17: 1 | G17: 16590 | I17: 16510 | K17: 16527 | M17: =ROUND(MIN(G17,I17,K17),0) -> 16510 | N17: =ROUND(AVERAGE(G17,I17),0) -> 16550 | O17: =+MAX(G17,I17) -> 16590 | P17: =+(O17/M17)-1 -> 0.0048455482 | Q17: =+ROUND(AVERAGE(M17,N17),0) -> 16530 | S17: =+N17 -> 16550 | T17: 0 | U17: =+T17+S17 -> 16550 | V17: =+U17*E17 -> 16550
C18: ACPM - DIESEL | D18: GALON | E18: 1 | G18: 11590 | I18: 11610 | K18: 11627 | M18: =ROUND(MIN(G18,I18,K18),0) -> 11590 | N18: =ROUND(AVERAGE(G18,I18),0) -> 11600 | O18: =+MAX(G18,I18) -> 11610 | P18: =+(O18/M18)-1 -> 0.0017256255 | Q18: =+ROUND(AVERAGE(M18,N18),0) -> 11595 | S18: =+N18 -> 11600 | T18: 0 | U18: =+T18+S18 -> 11600 | V18: =+U18*E18 -> 11600
A19: 8 | B19: MALAGA | C19: GASOLINA CORRIENTE | D19: GALON | E19: 1 | G19: 16260 | I19: 16540 | K19: 16514 | M19: =ROUND(MIN(G19,I19,K19),0) -> 16260 | N19: =ROUND(AVERAGE(G19,I19),0) -> 16400 | O19: =+MAX(G19,I19) -> 16540 | P19: =+(O19/M19)-1 -> 0.017220172 | Q19: =+ROUND(AVERAGE(M19,N19),0) -> 16330 | S19: =+N19 -> 16400 | T19: 0 | U19: =+T19+S19 -> 16400 | V19: =+U19*E19 -> 16400
C20: ACPM - DIESEL | D20: GALON | E20: 1 | G20: 11590 | I20: 11870 | K20: 11844 | M20: =ROUND(MIN(G20,I20,K20),0) -> 11590 | N20: =ROUND(AVERAGE(G20,I20),0) -> 11730 | O20: =+MAX(G20,I20) -> 11870 | P20: =+(O20/M20)-1 -> 0.024158758 | Q20: =+ROUND(AVERAGE(M20,N20),0) -> 11660 | S20: =+N20 -> 11730 | T20: 0 | U20: =+T20+S20 -> 11730 | V20: =+U20*E20 -> 11730
A21: 9 | B21: SAN VICENTE DE CHUCURI | C21: GASOLINA CORRIENTE | D21: GALON | E21: 1 | G21: 16180 | I21: 16610 | K21: 16652 | M21: =ROUND(MIN(G21,I21,K21),0) -> 16180 | N21: =ROUND(AVERAGE(G21,I21),0) -> 16395 | O21: =+MAX(G21,I21) -> 16610 | P21: =+(O21/M21)-1 -> 0.02657602 | Q21: =+ROUND(AVERAGE(M21,N21),0) -> 16288 | S21: =+N21 -> 16395 | T21: 0 | U21: =+T21+S21 -> 16395 | V21: =+U21*E21 -> 16395
C22: ACPM - DIESEL | D22: GALON | E22: 1 | G22: 11050 | I22: 11990 | K22: 12032 | M22: =ROUND(MIN(G22,I22,K22),0) -> 11050 | N22: =ROUND(AVERAGE(G22,I22),0) -> 11520 | O22: =+MAX(G22,I22) -> 11990 | P22: =+(O22/M22)-1 -> 0.085067873 | Q22: =+ROUND(AVERAGE(M22,N22),0) -> 11285 | S22: =+N22 -> 11520 | T22: 0 | U22: =+T22+S22 -> 11520 | V22: =+U22*E22 -> 11520
A23: 10 | B23: BARRANCABERMEJA | C23: GASOLINA CORRIENTE | D23: GALON | E23: 1 | G23: 15800 | I23: 16290 | K23: 16288 | M23: =ROUND(MIN(G23,I23,K23),0) -> 15800 | N23: =ROUND(AVERAGE(G23,I23),0) -> 16045 | O23: =+MAX(G23,I23) -> 16290 | P23: =+(O23/M23)-1 -> 0.031012658 | Q23: =+ROUND(AVERAGE(M23,N23),0) -> 15923 | S23: =+N23 -> 16045 | T23: 0 | U23: =+T23+S23 -> 16045 | V23: =+U23*E23 -> 16045
C24: ACPM - DIESEL | D24: GALON | E24: 1 | G24: 10670 | I24: 11600 | K24: 11598 | M24: =ROUND(MIN(G24,I24,K24),0) -> 10670 | N24: =ROUND(AVERAGE(G24,I24),0) -> 11135 | O24: =+MAX(G24,I24) -> 11600 | P24: =+(O24/M24)-1 -> 0.087160262 | Q24: =+ROUND(AVERAGE(M24,N24),0) -> 10903 | S24: =+N24 -> 11135 | T24: 0 | U24: =+T24+S24 -> 11135 | V24: =+U24*E24 -> 11135
A25: 11 | B25: CIMITARRA | C25: GASOLINA CORRIENTE | D25: GALON | E25: 1 | G25: 15630 | I25: 16380 | K25: 16363 | M25: =ROUND(MIN(G25,I25,K25),0) -> 15630 | N25: =ROUND(AVERAGE(G25,I25),0) -> 16005 | O25: =+MAX(G25,I25) -> 16380 | P25: =+(O25/M25)-1 -> 0.047984645 | Q25: =+ROUND(AVERAGE(M25,N25),0) -> 15818 | S25: =+N25 -> 16005 | T25: 0 | U25: =+T25+S25 -> 16005 | V25: =+U25*E25 -> 16005
C26: ACPM - DIESEL | D26: GALON | E26: 1 | G26: 10680 | I26: 11640 | K26: 11623 | M26: =ROUND(MIN(G26,I26,K26),0) -> 10680 | N26: =ROUND(AVERAGE(G26,I26),0) -> 11160 | O26: =+MAX(G26,I26) -> 11640 | P26: =+(O26/M26)-1 -> 0.08988764 | Q26: =+ROUND(AVERAGE(M26,N26),0) -> 10920 | S26: =+N26 -> 11160 | T26: 0 | U26: =+T26+S26 -> 11160 | V26: =+U26*E26 -> 11160
A27: TOTAL | V27: =SUM(V5:V26) -> 305142
C29: NOTAS:
C30: 1) Se realizó el estudio con 2 cotizaciones de empresas del mercado que cuentan con catálogos para la venta libre al publico
C31: 2) Para establecer el valor del mercado; se utiliza la formula promedio
C32: 3) En el presente análisis se aplicó el procedimiento de aproximación generalmente aceptado por las reglas matemáticas denominado redondeo, que consiste en acercar los valores decimales al número entero más aproximado (esto es, si el tercer decimal es menor que 5, el segundo decimal se mantiene; si el tercer decimal es igual o mayor que 5, el segundo decimal se incrementa en uno)

Sheet ANEXO 2 - PROY COSTOS
A1: ANEXO 2 - PROYECCION COSTOS
D2: Suministro de Combustible para el parque automotor y plantas eléctricas al servicio de la Fiscalía General de la Nación Regional Nororiental en los diferentes Municipios de las Seccionales Santander, Norte de Santander y Arauca.
A3: NECESIDAD | G3: ANALISIS COTIZACIONES | I3: PROYECCION COSTOS 2026
A4: ÍTEM | B4: Municipio | C4: DESCRIPCIÓN BIEN O SERVICIO RANGO DEL MODELO | D4: UNIDAD DE MEDIDA | E4: CANTIDAD | G4: VALOR UNITARIO SIN IVA | I4: VALOR UNITARIO SIN IVA | J4: VALOR IVA | K4: VALOR UNITARIO INCLUIDO IVA | L4: VALOR TOTAL INCLUIDO IVA
A5: 1 | B5: BUCARAMANGA | C5: GASOLINA CORRIENTE | D5: GALON | E5: ='ANEXO 1 - COTIZACIONES'!E5 -> 1 | G5: ='ANEXO 1 - COTIZACIONES'!S5 -> 15995 | I5: =+G5 -> 15995 | J5: 0 | K5: =+J5+I5 -> 15995 | L5: =+K5*E5 -> 15995
C6: ACPM - DIESEL | D6: GALON | E6: ='ANEXO 1 - COTIZACIONES'!E6 -> 1 | G6: ='ANEXO 1 - COTIZACIONES'!S6 -> 11252 | I6: =+G6 -> 11252 | J6: 0 | K6: =+J6+I6 -> 11252 | L6: =+K6*E6 -> 11252
A7: 2 | B7: SAN GIL | C7: GASOLINA CORRIENTE | D7: GALON | E7: ='ANEXO 1 - COTIZACIONES'!E7 -> 1 | G7: ='ANEXO 1 - COTIZACIONES'!S7 -> 16325 | I7: =+G7 -> 16325 | J7: 0 | K7: =+J7+I7 -> 16325 | L7: =+K7*E7 -> 16325
C8: ACPM - DIESEL | D8: GALON | E8: ='ANEXO 1 - COTIZACIONES'!E8 -> 1 | G8: ='ANEXO 1 - COTIZACIONES'!S8 -> 11675 | I8: =+G8 -> 11675 | J8: 0 | K8: =+J8+I8 -> 11675 | L8: =+K8*E8 -> 11675
A9: 3 | B9: SOCORRO | C9: GASOLINA CORRIENTE | D9: GALON | E9: ='ANEXO 1 - COTIZACIONES'!E9 -> 1 | G9: ='ANEXO 1 - COTIZACIONES'!S9 -> 16405 | I9: =+G9 -> 16405 | J9: 0 | K9: =+J9+I9 -> 16405 | L9: =+K9*E9 -> 16405
C10: ACPM - DIESEL | D10: GALON | E10: ='ANEXO 1 - COTIZACIONES'!E10 -> 1 | G10: ='ANEXO 1 - COTIZACIONES'!S10 -> 11525 | I10: =+G10 -> 11525 | J10: 0 | K10: =+J10+I10 -> 11525 | L10: =+K10*E10 -> 11525
A11: 4 | B11: OIBA | C11: GASOLINA CORRIENTE | D11: GALON | E11: ='ANEXO 1 - COTIZACIONES'!E11 -> 1 | G11: ='ANEXO 1 - COTIZACIONES'!S11 -> 16185 | I11: =+G11 -> 16185 | J11: 0 | K11: =+J11+I11 -> 16185 | L11: =+K11*E11 -> 16185
C12: ACPM - DIESEL | D12: GALON | E12: ='ANEXO 1 - COTIZACIONES'!E12 -> 1 | G12: ='ANEXO 1 - COTIZACIONES'!S12 -> 10955 | I12: =+G12 -> 10955 | J12: 0 | K12: =+J12+I12 -> 10955 | L12: =+K12*E12 -> 10955
A13: 5 | B13: BARBOSA | C13: GASOLINA CORRIENTE | D13: GALON | E13: ='ANEXO 1 - COTIZACIONES'!E13 -> 1 | G13: ='ANEXO 1 - COTIZACIONES'!S13 -> 16650 | I13: =+G13 -> 16650 | J13: 0 | K13: =+J13+I13 -> 16650 | L13: =+K13*E13 -> 16650
C14: ACPM - DIESEL | D14: GALON | E14: ='ANEXO 1 - COTIZACIONES'!E14 -> 1 | G14: ='ANEXO 1 - COTIZACIONES'!S14 -> 11865 | I14: =+G14 -> 11865 | J14: 0 | K14: =+J14+I14 -> 11865 | L14: =+K14*E14 -> 11865
A15: 6 | B15: PUENTE NACIONAL | C15: GASOLINA CORRIENTE | D15: GALON | E15: ='ANEXO 1 - COTIZACIONES'!E15 -> 1 | G15: ='ANEXO 1 - COTIZACIONES'!S15 -> 16255 | I15: =+G15 -> 16255 | J15: 0 | K15: =+J15+I15 -> 16255 | L15: =+K15*E15 -> 16255
C16: ACPM - DIESEL | D16: GALON | E16: ='ANEXO 1 - COTIZACIONES'!E16 -> 1 | G16: ='ANEXO 1 - COTIZACIONES'!S16 -> 11515 | I16: =+G16 -> 11515 | J16: 0 | K16: =+J16+I16 -> 11515 | L16: =+K16*E16 -> 11515
A17: 7 | B17: VELEZ | C17: GASOLINA CORRIENTE | D17: GALON | E17: ='ANEXO 1 - COTIZACIONES'!E17 -> 1 | G17: ='ANEXO 1 - COTIZACIONES'!S17 -> 16550 | I17: =+G17 -> 16550 | J17: 0 | K17: =+J17+I17 -> 16550 | L17: =+K17*E17 -> 16550
C18: ACPM - DIESEL | D18: GALON | E18: ='ANEXO 1 - COTIZACIONES'!E18 -> 1 | G18: ='ANEXO 1 - COTIZACIONES'!S18 -> 11600 | I18: =+G18 -> 11600 | J18: 0 | K18: =+J18+I18 -> 11600 | L18: =+K18*E18 -> 11600
A19: 8 | B19: MALAGA | C19: GASOLINA CORRIENTE | D19: GALON | E19: ='ANEXO 1 - COTIZACIONES'!E19 -> 1 | G19: ='ANEXO 1 - COTIZACIONES'!S19 -> 16400 | I19: =+G19 -> 16400 | J19: 0 | K19: =+J19+I19 -> 16400 | L19: =+K19*E19 -> 16400
C20: ACPM - DIESEL | D20: GALON | E20: ='ANEXO 1 - COTIZACIONES'!E20 -> 1 | G20: ='ANEXO 1 - COTIZACIONES'!S20 -> 11730 | I20: =+G20 -> 11730 | J20: 0 | K20: =+J20+I20 -> 11730 | L20: =+K20*E20 -> 11730
A21: 9 | B21: SAN VICENTE DE CHUCURI | C21: GASOLINA CORRIENTE | D21: GALON | E21: ='ANEXO 1 - COTIZACIONES'!E21 -> 1 | G21: ='ANEXO 1 - COTIZACIONES'!S21 -> 16395 | I21: =+G21 -> 16395 | J21: 0 | K21: =+J21+I21 -> 16395 | L21: =+K21*E21 -> 16395
C22: ACPM - DIESEL | D22: GALON | E22: ='ANEXO 1 - COTIZACIONES'!E22 -> 1 | G22: ='ANEXO 1 - COTIZACIONES'!S22 -> 11520 | I22: =+G22 -> 11520 | J22: 0 | K22: =+J22+I22 -> 11520 | L22: =+K22*E22 -> 11520
A23: 10 | B23: BARRANCABERMEJA | C23: GASOLINA CORRIENTE | D23: GALON | E23: ='ANEXO 1 - COTIZACIONES'!E23 -> 1 | G23: ='ANEXO 1 - COTIZACIONES'!S23 -> 16045 | I23: =+G23 -> 16045 | J23: 0 | K23: =+J23+I23 -> 16045 | L23: =+K23*E23 -> 16045
C24: ACPM - DIESEL | D24: GALON | E24: ='ANEXO 1 - COTIZACIONES'!E24 -> 1 | G24: ='ANEXO 1 - COTIZACIONES'!S24 -> 11135 | I24: =+G24 -> 11135 | J24: 0 | K24: =+J24+I24 -> 11135 | L24: =+K24*E24 -> 11135
A25: 11 | B25: CIMITARRA | C25: GASOLINA CORRIENTE | D25: GALON | E25: ='ANEXO 1 - COTIZACIONES'!E25 -> 1 | G25: ='ANEXO 1 - COTIZACIONES'!S25 -> 16005 | I25: =+G25 -> 16005 | J25: 0 | K25: =+J25+I25 -> 16005 | L25: =+K25*E25 -> 16005
C26: ACPM - DIESEL | D26: GALON | E26: ='ANEXO 1 - COTIZACIONES'!E26 -> 1 | G26: ='ANEXO 1 - COTIZACIONES'!S26 -> 11160 | I26: =+G26 -> 11160 | J26: 0 | K26: =+J26+I26 -> 11160 | L26: =+K26*E26 -> 11160
A27: TOTAL | L27: =SUM(L5:L26) -> 305142
C29: NOTAS:
C30: 1) Para establecer los valores del mercado, se tomaron los valores del análisis de cotizaciones
C31: 2) En el presente análisis se aplicó el procedimiento de aproximación generalmente aceptado por las reglas matemáticas denominado redondeo, que consiste en acercar los valores decimales al número entero más aproximado (esto es, si el tercer decimal es menor que 5, el segundo decimal se mantiene; si el tercer decimal es igual o mayor que 5, el segundo decimal se incrementa en uno)

Sheet ANEXO 3 - EST SECTOR
A1: ANEXO 3 - ESTUDIO DEL SECTOR
D2: Suministro de Combustible para el parque automotor y plantas eléctricas al servicio de la Fiscalía General de la Nación Regional Nororiental en los diferentes Municipios de las Seccionales Santander, Norte de Santander y Arauca.
A3: NECESIDAD | G3: ESTUDIO DEL SECTOR
A4: ÍTEM | B4: Municipio | C4: DESCRIPCIÓN BIEN O SERVICIO RANGO DEL MODELO | D4: UNIDAD DE MEDIDA | E4: CANTIDAD | G4: VALOR UNITARIO SIN IVA | H4: VALOR IVA | I4: VALOR UNITARIO INCLUIDO IVA | J4: VALOR TOTAL INCLUIDO IVA
A5: 1 | B5: BUCARAMANGA | C5: GASOLINA CORRIENTE | D5: ='ANEXO 1 - COTIZACIONES'!D5 -> GALON | E5: ='ANEXO 1 - COTIZACIONES'!E5 -> 1 | G5: ='ANEXO 2 - PROY COSTOS'!I5 -> 15995 | H5: 0 | I5: =+H5+G5 -> 15995 | J5: =+I5*E5 -> 15995
C6: ACPM - DIESEL | D6: ='ANEXO 1 - COTIZACIONES'!D6 -> GALON | E6: ='ANEXO 1 - COTIZACIONES'!E6 -> 1 | G6: ='ANEXO 2 - PROY COSTOS'!I6 -> 11252 | H6: 0 | I6: =+H6+G6 -> 11252 | J6: =+I6*E6 -> 11252
A7: 2 | B7: SAN GIL | C7: GASOLINA CORRIENTE | D7: ='ANEXO 1 - COTIZACIONES'!D7 -> GALON | E7: ='ANEXO 1 - COTIZACIONES'!E7 -> 1 | G7: ='ANEXO 2 - PROY COSTOS'!I7 -> 16325 | H7: 0 | I7: =+H7+G7 -> 16325 | J7: =+I7*E7 -> 16325
C8: ACPM - DIESEL | D8: ='ANEXO 1 - COTIZACIONES'!D8 -> GALON | E8: ='ANEXO 1 - COTIZACIONES'!E8 -> 1 | G8: ='ANEXO 2 - PROY COSTOS'!I8 -> 11675 | H8: 0 | I8: =+H8+G8 -> 11675 | J8: =+I8*E8 -> 11675
A9: 3 | B9: SOCORRO | C9: GASOLINA CORRIENTE | D9: ='ANEXO 1 - COTIZACIONES'!D9 -> GALON | E9: ='ANEXO 1 - COTIZACIONES'!E9 -> 1 | G9: ='ANEXO 2 - PROY COSTOS'!I9 -> 16405 | H9: 0 | I9: =+H9+G9 -> 16405 | J9: =+I9*E9 -> 16405
C10: ACPM - DIESEL | D10: ='ANEXO 1 - COTIZACIONES'!D10 -> GALON | E10: ='ANEXO 1 - COTIZACIONES'!E10 -> 1 | G10: ='ANEXO 2 - PROY COSTOS'!I10 -> 11525 | H10: 0 | I10: =+H10+G10 -> 11525 | J10: =+I10*E10 -> 11525
A11: 4 | B11: OIBA | C11: GASOLINA CORRIENTE | D11: ='ANEXO 1 - COTIZACIONES'!D11 -> GALON | E11: ='ANEXO 1 - COTIZACIONES'!E11 -> 1 | G11: ='ANEXO 2 - PROY COSTOS'!I11 -> 16185 | H11: 0 | I11: =+H11+G11 -> 16185 | J11: =+I11*E11 -> 16185
C12: ACPM - DIESEL | D12: ='ANEXO 1 - COTIZACIONES'!D12 -> GALON | E12: ='ANEXO 1 - COTIZACIONES'!E12 -> 1 | G12: ='ANEXO 2 - PROY COSTOS'!I12 -> 10955 | H12: 0 | I12: =+H12+G12 -> 10955 | J12: =+I12*E12 -> 10955
A13: 5 | B13: BARBOSA | C13: GASOLINA CORRIENTE | D13: ='ANEXO 1 - COTIZACIONES'!D13 -> GALON | E13: ='ANEXO 1 - COTIZACIONES'!E13 -> 1 | G13: ='ANEXO 2 - PROY COSTOS'!I13 -> 16650 | H13: 0 | I13: =+H13+G13 -> 16650 | J13: =+I13*E13 -> 16650
C14: ACPM - DIESEL | D14: ='ANEXO 1 - COTIZACIONES'!D14 -> GALON | E14: ='ANEXO 1 - COTIZACIONES'!E14 -> 1 | G14: ='ANEXO 2 - PROY COSTOS'!I14 -> 11865 | H14: 0 | I14: =+H14+G14 -> 11865 | J14: =+I14*E14 -> 11865
A15: 6 | B15: PUENTE NACIONAL | C15: GASOLINA CORRIENTE | D15: ='ANEXO 1 - COTIZACIONES'!D15 -> GALON | E15: ='ANEXO 1 - COTIZACIONES'!E15 -> 1 | G15: ='ANEXO 2 - PROY COSTOS'!I15 -> 16255 | H15: 0 | I15: =+H15+G15 -> 16255 | J15: =+I15*E15 -> 16255
C16: ACPM - DIESEL | D16: ='ANEXO 1 - COTIZACIONES'!D16 -> GALON | E16: ='ANEXO 1 - COTIZACIONES'!E16 -> 1 | G16: ='ANEXO 2 - PROY COSTOS'!I16 -> 11515 | H16: 0 | I16: =+H16+G16 -> 11515 | J16: =+I16*E16 -> 11515
A17: 7 | B17: VELEZ | C17: GASOLINA CORRIENTE | D17: ='ANEXO 1 - COTIZACIONES'!D17 -> GALON | E17: ='ANEXO 1 - COTIZACIONES'!E17 -> 1 | G17: ='ANEXO 2 - PROY COSTOS'!I17 -> 16550 | H17: 0 | I17: =+H17+G17 -> 16550 | J17: =+I17*E17 -> 16550
C18: ACPM - DIESEL | D18: ='ANEXO 1 - COTIZACIONES'!D18 -> GALON | E18: ='ANEXO 1 - COTIZACIONES'!E18 -> 1 | G18: ='ANEXO 2 - PROY COSTOS'!I18 -> 11600 | H18: 0 | I18: =+H18+G18 -> 11600 | J18: =+I18*E18 -> 11600
A19: 8 | B19: MALAGA | C19: GASOLINA CORRIENTE | D19: ='ANEXO 1 - COTIZACIONES'!D19 -> GALON | E19: ='ANEXO 1 - COTIZACIONES'!E19 -> 1 | G19: ='ANEXO 2 - PROY COSTOS'!I19 -> 16400 | H19: 0 | I19: =+H19+G19 -> 16400 | J19: =+I19*E19 -> 16400
C20: ACPM - DIESEL | D20: ='ANEXO 1 - COTIZACIONES'!D20 -> GALON | E20: ='ANEXO 1 - COTIZACIONES'!E20 -> 1 | G20: ='ANEXO 2 - PROY COSTOS'!I20 -> 11730 | H20: 0 | I20: =+H20+G20 -> 11730 | J20: =+I20*E20 -> 11730
A21: 9 | B21: SAN VICENTE DE CHUCURI | C21: GASOLINA CORRIENTE | D21: ='ANEXO 1 - COTIZACIONES'!D21 -> GALON | E21: ='ANEXO 1 - COTIZACIONES'!E21 -> 1 | G21: ='ANEXO 2 - PROY COSTOS'!I21 -> 16395 | H21: 0 | I21: =+H21+G21 -> 16395 | J21: =+I21*E21 -> 16395
C22: ACPM - DIESEL | D22: ='ANEXO 1 - COTIZACIONES'!D22 -> GALON | E22: ='ANEXO 1 - COTIZACIONES'!E22 -> 1 | G22: ='ANEXO 2 - PROY COSTOS'!I22 -> 11520 | H22: 0 | I22: =+H22+G22 -> 11520 | J22: =+I22*E22 -> 11520
A23: 10 | B23: BARRANCABERMEJA | C23: GASOLINA CORRIENTE | D23: ='ANEXO 1 - COTIZACIONES'!D23 -> GALON | E23: ='ANEXO 1 - COTIZACIONES'!E23 -> 1 | G23: ='ANEXO 2 - PROY COSTOS'!I23 -> 16045 | H23: 0 | I23: =+H23+G23 -> 16045 | J23: =+I23*E23 -> 16045
C24: ACPM - DIESEL | D24: ='ANEXO 1 - COTIZACIONES'!D24 -> GALON | E24: ='ANEXO 1 - COTIZACIONES'!E24 -> 1 | G24: ='ANEXO 2 - PROY COSTOS'!I24 -> 11135 | H24: 0 | I24: =+H24+G24 -> 11135 | J24: =+I24*E24 -> 11135
A25: 11 | B25: CIMITARRA | C25: GASOLINA CORRIENTE | D25: ='ANEXO 1 - COTIZACIONES'!D25 -> GALON | E25: ='ANEXO 1 - COTIZACIONES'!E25 -> 1 | G25: ='ANEXO 2 - PROY COSTOS'!I25 -> 16005 | H25: 0 | I25: =+H25+G25 -> 16005 | J25: =+I25*E25 -> 16005
C26: ACPM - DIESEL | D26: ='ANEXO 1 - COTIZACIONES'!D26 -> GALON | E26: ='ANEXO 1 - COTIZACIONES'!E26 -> 1 | G26: ='ANEXO 2 - PROY COSTOS'!I26 -> 11160 | H26: 0 | I26: =+H26+G26 -> 11160 | J26: =+I26*E26 -> 11160
A27: TOTAL | J27: =SUM(J5:J26) -> 305142
C29: NOTAS:
C30: 1) Para establecer los valores del mercado, se tomaron los valores del análisis de cotizaciones
C31: 2) En el presente análisis se aplicó el procedimiento de aproximación generalmente aceptado por las reglas matemáticas denominado redondeo, que consiste en acercar los valores decimales al número entero más aproximado (esto es, si el tercer decimal es menor que 5, el segundo decimal se mantiene; si el tercer decimal es igual o mayor que 5, el segundo decimal se incrementa en uno)
